 Dungeon Crawl Stone Soup version 0.18-a0-628-gc02dfad (webtiles) character file.

805 FishmanTm the Poker (level 7, 0/56 HPs)
             Began as a Demonspawn Artificer on Dec 4, 2015.
             Slain by a water moccasin (3 damage)
             ... on level 5 of the Dungeon.
             The game lasted 00:16:05 (4979 turns).

FishmanTm the Poker (Demonspawn Artificer)          Turns: 4979, Time: 00:16:05

Health: 0/56       AC: 12    Str: 14    XL:     7   Next: 60%
Magic:  9/9        EV:  6    Int: 13    God:
Gold:   196        SH:  0    Dex: 13    Spells: 0 memorised, 6 levels left

rFire  . . .     SeeInvis .     s - +3 scythe (flame)
rCold  . . .     Clarity  .     h - +0 chain mail
rNeg   . . .     SustAt   .     (shield currently unavailable)
rPois  .         Gourm    .     q - +1 helmet
rElec  .         Spirit   .     (no cloak)
rCorr  .         Dismiss  .     (no gloves)
rMut   .         Stasis   .     (no boots)
MR     .....                    (no amulet)
Stlth  ..........               (no ring)
                                (no ring)

@: lethally poisoned (0 -> -7), not resistant to hostile enchantments, extremely
unstealthy
A: talons 2, rugged brown scales 1
a: no special abilities


You were on level 5 of the Dungeon.
You were not hungry.

You visited 1 branch of the dungeon, and saw 5 of its levels.

You collected 196 gold pieces.

Inventory:

Hand Weapons
 s - a +3 scythe of flaming (weapon)
Armour
 h - a +0 chain mail (worn)
 q - a +1 helmet (worn)
Wands
 a - a wand of invisibility (2)
 c - a wand of flame (0)
 d - a wand of enslavement (9)
 e - a wand of random effects (0)
 w - a wand of polymorph (8)
Scrolls
 b - 2 scrolls of remove curse
 l - 4 scrolls of enchant armour
 m - a scroll of blinking
 o - a scroll of vulnerability {unknown}
 p - a scroll of noise
 u - a scroll of identify
 y - a scroll of enchant weapon {unknown}
 z - a scroll of immolation {unknown}
 C - a scroll of fear {unknown}
Potions
 g - a potion of magic
 k - a potion of heal wounds {unknown}
 r - a potion of haste
 t - a potion of ambrosia {unknown}
 v - 2 potions of lignification {unknown}
 A - a potion of might {unknown}
 B - a potion of degeneration {unknown}
Comestibles
 f - 2 bread rations
 i - 3 beef jerkies
 j - 2 meat rations
 x - a royal jelly


   Skills:
 - Level 4.6 Fighting
   Level 0.8 Short Blades
 + Level 5.1 Polearms
 - Level 3.4 Armour
 - Level 1.7 Dodging
 - Level 0.8 Stealth
 - Level 3.0 Evocations


You had 6 spell levels left.
You didn't know any spells.

Dungeon Overview and Level Annotations

Branches:
Dungeon (5/15)
 Temple: D:4-7

Altars:
Gozag
Okawaru
Qazlal
Trog

Annotations:
D:4 FishmanTm's ghost, amateur MfTm


Innate Abilities, Weirdness & Mutations

You have razor-sharp toenails.
You are partially covered in rugged brown scales (AC +1, +3% HP).


Message History

The water moccasin barely misses you.
The ice beast hits you but does no damage.
You completely miss the ice beast.
The ice beast is almost dead.
The water moccasin bites you.
* * * LOW HITPOINT WARNING * * *
You are lethally poisoned!
The water moccasin poisons you! The water moccasin bites you.
* * * LOW HITPOINT WARNING * * *
The ice beast hits you but does no damage.
The water moccasin bites you but does no damage.
The ice beast hits you but does no damage.
You slash the ice beast!
You melt the ice beast.
You kill the ice beast!
Your Polearms skill increases to level 5!
* * * LOW HITPOINT WARNING * * *
You feel sick. The water moccasin bites you.
* * * LOW HITPOINT WARNING * * *
The water moccasin bites you.
You die...

# .. #......... . ...#.
#.# #...........
.....##.###...........
........##.#.........
#......##...#.....##
###+#......##...#.....#§
...........##...#.....#.
................#.......
......S@...##+##......#.
......#..###........###§
..... ##.##.........# ##
.... #..#.........####
... ##.#............. ..
.#....#........ .
..##+##........ #+#
...###### .... #


You could see a water moccasin.

Vanquished Creatures
  Sigmund (D:2)
  An ice beast (D:5)
  The ghost of 4thArraOfDagon the Pure, an amateur DsAK of Lugonu (D:3)
  A phantom (D:5)
  3 orc wizards (D:3)
  An orc priest (D:4)
  An iguana (D:4)
  Natasha (thrice) (D:3)
  A worker ant (D:3)
  7 adders
  An ooze (D:2)
  An adder skeleton (D:4)
  3 worms
  2 giant geckos (D:3)
  10 orcs (D:3)
  9 giant cockroaches
  7 hobgoblins
  12 jackals
  6 kobolds
  A quokka (D:3)
  A ball python (D:2)
  14 bats
  9 giant newts
  11 goblins
  2 quokka skeletons (D:5)
  6 rats
115 creatures vanquished.

Vanquished Creatures (collateral kills)
  Robin (D:2)
  A hobgoblin (D:2)
2 creatures vanquished.

Vanquished Creatures (others)
  2 goblins (D:2)
2 creatures vanquished.

Grand Total: 119 creatures vanquished

Notes
Turn   | Place    | Note
--------------------------------------------------------------
     0 | D:1      | FishmanTm the Demonspawn Artificer began the quest for the Orb.
     0 | D:1      | Reached XP level 1. HP: 15/15 MP: 3/3
    90 | D:1      | Gained mutation: You have sharp toenails. [demonic ancestry]
    90 | D:1      | Reached XP level 2. HP: 20/22 MP: 4/4
   393 | D:1      | Reached skill level 1 in Armour
   678 | D:1      | Gained mutation: You are partially covered in rugged brown scales (AC +1, +3% HP). [demonic ancestry]
   678 | D:1      | Reached XP level 3. HP: 23/28 MP: 5/5
  1070 | D:2      | Noticed Robin
  1092 | D:2      | Killed Robin
  1155 | D:2      | Noticed Sigmund
  1176 | D:3      | Noticed Natasha
  1222 | D:2      | Reached XP level 4. HP: 7/36 MP: 6/6
  1524 | D:2      | Killed Sigmund
  1524 | D:2      | Reached skill level 4 in Fighting
  1524 | D:2      | Reached XP level 5. HP: 39/44 MP: 7/7
  1801 | D:3      | Killed Natasha
  1820 | D:3      | Gained mutation: You have razor-sharp toenails. [demonic ancestry]
  1820 | D:3      | Reached XP level 6. HP: 44/50 MP: 8/8
  2142 | D:3      | Noticed Natasha
  2144 | D:3      | Killed Natasha
  2186 | D:3      | Reached skill level 1 in Polearms
  2229 | D:3      | Noticed 4thArraOfDagon's ghost (amateur DsAK)
  2243 | D:3      | Killed 4thArraOfDagon's ghost
  2480 | D:3      | Noticed Natasha
  2489 | D:3      | Killed Natasha
  2780 | D:3      | Found a stormy altar of Qazlal.
  2780 | D:3      | Found an opulent altar of Gozag.
  2783 | D:3      | Found an iron altar of Okawaru.
  2878 | D:3      | Found a bloodstained altar of Trog.
  3395 | D:4      | Noticed FishmanTm's ghost (amateur MfTm)
  3414 | D:3      | Reached XP level 7. HP: 16/56 MP: 9/9
  4838 | D:5      | Entered Level 5 of the Dungeon
  4950 | D:5      | Found a stormy altar of Qazlal.
  4979 | D:5      | Reached skill level 5 in Polearms
  4979 | D:5      | Slain by a water moccasin

Vault maps used:
D:1:      saegor_arrival_simple_b, minmay_quantized
D:2:      uniq_robin, uniq_sigmund
D:3:      nicolae_overflow_quartered_altars, first_bread, uniq_natasha
D:4:      kennysheep_mini
D:5:      grunt_qazlal_clouds, uniq_eustachio

Action                   |  1- 3 |  4- 6 |  7- 9 || total
-------------------------+-------+-------+-------++-------
Melee: Short sword       |   177 |    51 |       ||   228
       Scythe            |       |   107 |   151 ||   258
Evoke: Wand              |    16 |    18 |     2 ||    36
  Use: Potion            |     1 |       |       ||     1
       Scroll            |       |     3 |     4 ||     7
 Stab: Sleeping          |     1 |       |       ||     1
       Paralysed         |       |     7 |       ||     7
       Betrayed ally     |       |     1 |       ||     1
  Eat: Chunk             |     1 |     8 |     5 ||    14
